 Dungeon Crawl Stone Soup version 0.29-a0-757-g358383bc75 (webtiles) character file.

Game seed: 2324521498958790701

105 DuloT34 the Trooper (level 4, -5/37 HPs)
             Began as a Barachi Arcane Marksman on June 30, 2022.
             Killed by divine providence
             ... invoked by an orc priest
              (11 damage)
             ... on level 4 of the Dungeon.
             The game lasted 00:03:09 (3725 turns).

DuloT34 the Trooper (Barachi Arcane Marksman)       Turns: 3725, Time: 00:03:11

Health: -5/37      AC:  4    Str: 11    XL:     4   Next: 83%
Magic:  5/5        EV: 12    Int: 17    God:
Gold:   108        SH:  0    Dex: 14    Spells: 4/5 levels left

rFire   . . .      SeeInvis .   a - +2 sling (vorpal)
rCold   . . .      Faith    .   (no shield)
rNeg    . . .      Spirit   .   c - +0 robe
rPois   .          Reflect  .   h - +1 helmet {Int+3}
rElec   .          Harm     .   (no cloak)
rCorr   .          Rampage  .   (no gloves)
Will    .....                   (no boots)
Stlth   +.........              (no amulet)
HPRegen 0.12/turn               (no ring)
MPRegen 0.09/turn               (no ring)

@: unable to hop, slow
A: amphibious, slowness 1, strong legs 1, +LOS
a: Hop


You were on level 4 of the Dungeon.
You visited 1 branch of the dungeon, and saw 4 of its levels.

You collected 108 gold pieces.

Inventory:

Hand Weapons
 a - a +2 vorpal sling (weapon)
Armour
 c - a +0 robe (worn)
 h - a +1 helmet of intelligence (worn)
 r - the +1 ring mail of the Sky {rPois Will+ Str-3}
   (You found it on level 3 of the Dungeon)

   Str:       It affects your strength (-3).
   rPois:     It protects you from poison.
   Will:      It increases your willpower.
Wands
 m - a wand of charming (17)
Scrolls
 b - a scroll of vulnerability
 i - a scroll of identify
 s - a scroll of silence
 t - a scroll of noise
Potions
 d - a potion of lignification {unknown}
 e - 3 potions of heal wounds
 g - a potion of magic {unknown}
 j - a potion of cancellation {unknown}
 k - a potion of degeneration {unknown}
 n - a potion of ambrosia {unknown}
 p - a potion of berserk rage {unknown}


   Skills:
 + Level 3.8 Fighting
 + Level 3.6 Ranged Weapons
 - Level 2.1 Dodging
 - Level 1.1 Spellcasting
 - Level 3.2 Hexes


You had 4 spell levels left.
You knew the following spells:

 Your Spells              Type           Power      Damage    Failure   Level
a - Slow                  Hex            48%        N/A       5%          1

Your spell library contained the following spells:

 Spells                   Type           Power      Damage    Failure   Level
 Ensorcelled Hibernation  Hex/Ice        12%        N/A       16%         2
 Sublimation of Blood     Necr           0%         N/A       32%         2
 Wereblood                Tmut           0%         N/A       32%         2
 Inner Flame              Hex/Fire       6%         N/A       32%         3
 Portal Projectile        Hex/Tloc       12%        N/A       32%         3
 Cause Fear               Hex            6%         N/A       50%         4
 Spider Form              Tmut/Pois      0%         N/A       54%         3
 Anguish                  Hex/Necr       3%         N/A       71%         4
 Summon Hydra             Summ           0%         N/A       100%        7


Dungeon Overview and Level Annotations

Branches:
Dungeon (3/15)

Altars:
Elyvilon
Vehumet

Portals:
Abyss: D:4

Annotations:
D:3 Pargi
D:4 1 transporter, matt's ghost, amateur TrFi


Innate Abilities, Weirdness & Mutations

You are amphibious.
You cover ground slowly.
You can hop short distances.
You have an extended range of vision and can be seen from far away.


Message History

Fire: a) +2 sling (vorpal)
Press: ? - help, Shift-Dir - straight line, f/p - orc priest
Aim: an orc priest, wielding a +0 club You shoot a sling bullet.
The gnoll shouts!
The sling bullet hits the orc priest.
The orc priest is moderately wounded.
The orc priest closely misses you.
Fire: a) +2 sling (vorpal)
Press: ? - help, Shift-Dir - straight line, f/p - orc priest
Aim: an orc priest, wielding a +0 club (moderately wounded)
You shoot a sling bullet.
The sling bullet closely misses the orc priest.
A gnoll comes into view. It is wielding a +0 flail.
The orc priest hits you with a +0 club. x2
* * * LOW HITPOINT WARNING * * *
Hop to where?
Press: ? - help, Dir - move target, p - orc priest Boing!
Fire: a) +2 sling (vorpal)
Press: ? - help, Shift-Dir - straight line, f - orc priest
Aim: an orc priest, wielding a +0 club (sparse dust, moderately wounded)
You shoot a sling bullet.
The sling bullet closely misses the orc priest.
The orc priest calls down the wrath of Beogh upon you.
Pain shoots through your body!
* * * LOW HITPOINT WARNING * * *
Fire: a) +2 sling (vorpal)
Press: ? - help, Shift-Dir - straight line, f/p - orc priest
Aim: an orc priest, wielding a +0 club (sparse dust, moderately wounded)
You shoot a sling bullet. The sling bullet hits the orc priest.
The orc priest is heavily wounded.
Fire: a) +2 sling (vorpal)
Press: ? - help, Shift-Dir - straight line, f/p - orc priest
Aim: an orc priest, wielding a +0 club (heavily wounded)
You shoot a sling bullet. The sling bullet hits the orc priest.
The orc priest is heavily wounded.
The orc priest invokes the aid of Beogh against you.
Beogh smites you!
You die...

.... ##.... ..####
....##....# .....##
#....#....###.....#
#..)...g.Jg.g..#..#
#.#..g...####o.#.##
.........###....#.## ##
..........##....#..##.#
#.........##...........
...o......##..@....[...
.#..............†......
#.........#...........
#.....#...#...........
##....##..#.#.........
#....##....#.###.....
#....#...#....# ....#
## ##.##....#....# .###
#..##..#...##........##


You could see a gnoll shaman and an orc priest.

Vanquished Creatures
  4 adders
  3 worms (D:2)
  A dart slug (D:4)
  4 orcs
  5 ball pythons
  3 endoplasms
  3 giant cockroaches
  4 goblins
  2 hobgoblins (D:1)
  3 quokkas
  3 bats (D:1)
  7 frilled lizards
  6 kobolds (D:1)
  5 rats
53 creatures vanquished.

Notes
Turn   | Place    | Note
-------+----------+-------------------------------------------
     0 | D:1      | DuloT34 the Barachi Arcane Marksman began the quest for the
                  | Orb.
     0 | D:1      | Reached XP level 1. HP: 15/15 MP: 2/2
   337 | D:1      | Reached XP level 2. HP: 22/22 MP: 3/3
   608 | D:1      | Reached XP level 3. HP: 23/28 MP: 4/4
  1179 | D:2      | Found a white marble altar of Elyvilon.
  2488 | D:3      | Reached XP level 4. HP: 35/35 MP: 5/5
  2501 | D:3      | Found a radiant altar of Vehumet.
  3109 | D:3      | Identified the +1 ring mail of the Sky {rPois Will+ Str-3}
  3161 | D:3      | Noticed Pargi
  3165 | D:3      | You fall into a shaft and drop 1 floor!
  3181 | D:4      | Found a one-way gate to the infinite horrors of the Abyss.
  3181 | D:4      | Noticed matt's ghost (amateur TrFi)
  3185 | D:4      | Noticed a small abomination
  3197 | D:4      | Found a transporter.
  3725 | D:4      | Killed from afar by an orc priest

Illustrated notes

Levels and vault maps discovered:
D:1:      erik_arrival_orb_chamber, layout_basic, amcnicky_mini_pool_small
D:2:      layout_loops_cross, basic_altar, minivault_25, minmay_misc_feat_square
D:3:      minmay_wonky_spiral, layout_rooms, mainiacjoe_overflow_boulevard,
          ebering_ecumenical_altar_sacrificial, minmay_puff, uniq_pargi
D:4:      layout_cave_pools, gammafunk_ghost_abyssal_escape,
          chequers_serial_rivers_micro_c

Skill      XL: |  1  2  3 |
---------------+----------+-----
Fighting       | 2 3 |  3.8
Ranged Weapons | 3 |  3.6
Dodging        | |  2.1
Spellcasting   | |  1.1
Hexes          | |  3.2

Action                   |  1- 3 |  4- 6 || total
-------------------------+-------+-------++-------
 Fire: Sling             |   144 |    70 ||   214
 Cast: Slow              |     1 |       ||     1
 Abil: Hop               |     1 |     1 ||     2
Evoke: Wand              |       |     1 ||     1
  Use: Scroll            |       |     8 ||     8
Armor: Robe              |    19 |     6 ||    25
Dodge: Dodged            |    32 |    22 ||    54

Table legend: (Time is in decaauts)
 A = Elapsed time spent in this place.
 B = Non-inter-level travel time spent in this place.
 C = Inter-level travel time spent in this place.
 D = Time resting spent in this place.
 E = Time spent auto-exploring this place.
 F = Levels seen in this place.
 G = Mean time per level.
                   A        B        C        D        E       F      G
               +--------+--------+--------+--------+--------+-----+--------+
         Total |   4098 |   3929 |    169 |   1599 |   1903 |   4 | 1024.5 |
       Dungeon |   4098 |   3929 |    169 |   1599 |   1903 |   4 | 1024.5 |
               +--------+--------+--------+--------+--------+-----+--------+

Top non-repeatable levels by time:
     D:2: 1549 daAuts
     D:1: 1233 daAuts
     D:3: 720 daAuts
     D:4: 595 daAuts
